 Dungeon Crawl Stone Soup version 0.27.1-4-g1640c2035a (webtiles) character file.

Game seed: 3766628089707113391

1453 Stomo444 the Skirmisher (level 8, 0/45 HPs)
             Began as a Vine Stalker Monk on Nov 9, 2021.
             Was a Priest of Wu Jian.
             Succumbed to a scorpion's poison
             ... on level 6 of the Dungeon.
             The game lasted 00:15:34 (6131 turns).

Stomo444 the Skirmisher (Vine Stalker Monk)         Turns: 6131, Time: 00:15:34

Health: 0/45       AC:  3    Str: 15    XL:     8   Next: 76%
Magic:  4/9        EV: 14    Int: 10    God:    Wu Jian [***...]
Gold:   220        SH:  0    Dex: 18    Spells: 7/7 levels left

rFire    . . .     SeeInvis +   l - +0 whip
rCold    . . .     Faith    .   (no shield)
rNeg     . . .     Spirit   +   b - +0 robe
rPois    .         Reflect  .   (no helmet)
rElec    .         Harm     .   (no cloak)
rCorr    .         Rampage  .   i - +0 pair of gloves
Will     ++...                  (no boots)
Stlth    ++........             (no amulet)
HPRegen  1.15/turn              m - ring of see invisible
MPRegen  0.11/turn              w - ring of willpower

@: lethally poisoned (0 -> -3), on berserk cooldown, slowed, very slow
A: fangs 3, regeneration 1, magic shield, antimagic bite, no potion heal 2
a: Renounce Religion, Wall Jump, Serpent's Lash


You were on level 6 of the Dungeon.
You worshipped Wu Jian.
Wu Jian was most pleased with you.
You visited 1 branch of the dungeon, and saw 6 of its levels.

You collected 220 gold pieces.

Inventory:

Hand Weapons
 a - a +0 mace
 h - a +0 club
 l - a +0 whip (weapon)
Armour
 b - a +0 robe (worn)
 i - a +0 pair of gloves (worn)
Jewellery
 e - a ring of ice
 f - a ring of flight
 m - a ring of see invisible (left hand)
 s - an amulet of faith
 w - a ring of willpower (right hand)
Wands
 x - a wand of paralysis (11)
 y - a wand of acid (10)
Scrolls
 g - a scroll of noise {unknown}
 k - a scroll of fear
 o - a scroll of teleportation {unknown}
 q - 2 scrolls of fog {unknown}
 r - 2 scrolls of identify {unknown}
 u - a scroll of enchant armour {unknown}
Potions
 c - a potion of ambrosia {unknown}
 d - 2 potions of attraction {unknown}
 j - 2 potions of degeneration
 n - a potion of brilliance {unknown}
 p - 2 potions of berserk rage
 t - a potion of lignification {unknown}
 v - a potion of curing {unknown}


   Skills:
 * Level 6.7 Fighting
 * Level 6.6 Maces & Flails
 + Level 4.6 Dodging
 - Level 2.4 Stealth


You had 7 spell levels left.
You didn't know any spells.
Your spell library was empty.

Dungeon Overview and Level Annotations

Branches:
Dungeon (6/15)             Temple (0/1) D:4

Altars:
Ashenzari
Hepliaklqana
Wu Jian
Yredelemnul

Shops:
D:6 ?


Innate Abilities, Weirdness & Mutations

You have razor-sharp teeth.
Your natural rate of healing is unusually fast.
When hurt, damage is shared between your health and your magic reserves.
Your bite disrupts and absorbs the magic of your enemies.
Potions cannot restore your health.


Message History

The scorpion is moderately wounded.
The scorpion stings you!
You are poisoned.
The scorpion poisons you!
The gnoll hits you from afar with a +0 spear.
You hit the scorpion but do no damage.
The scorpion is moderately wounded.
You feel very sick. The gnoll misses you. The scorpion stings you.
You are more poisoned.
The scorpion poisons you!
You feel very sick.
There is an open door here.
You feel very sick.
You feel very sick. The scorpion stings you!
* * * LOW HITPOINT WARNING * * *
You are lethally poisoned!
The scorpion poisons you!
* * * LOW HITPOINT WARNING * * *
You feel very sick.
Unknown command.
Okay, then.
It was a potion of berserk rage.
A red film seems to cover your vision as you go berserk!
You feel yourself moving faster!
You feel mighty!
* * * LOW HITPOINT WARNING * * *
You feel very sick. The gnoll barely misses you.
The scorpion completely misses you.
You feel a strong urge to attack something.
* * * LOW HITPOINT WARNING * * *
You feel very sick.
The gnoll hits you from afar with a +0 spear.
* * * LOW HITPOINT WARNING * * *
* * * LOW HITPOINT WARNING * * *
You feel sick.
You feel your anger nearly subside.
You are no longer berserk.
You are exhausted.
You feel yourself slow down.
You die...

########## #........#
###........# .........).#
...........# ###### .[.........#
#.....
......######################.#...
......>..........................
................@.s..............
#'####...##########g..##.###.###.
#.####.#..####....'..gg........#.
#..§.........#.####...##)###.#.#.
#..≈≈≈._.≈§≈.#.# #...##.#...#.#.
#....≈...≈....'## ######g#.###+#.
#..≈.≈≈.≈≈.≈....########g#.......
#..§...§§§§§§...#..........#.....
#..≈≈≈≈§≈§§§....#..........#..g..


You could see a scorpion and 3 gnolls.

Vanquished Creatures
  A sky beast (D:6)
  A black bear (D:6)
  5 ogres
  2 water moccasin zombies
  2 scorpions
  A wyvern skeleton (D:6)
  A centaur zombie (D:5)
  A gnoll shaman (D:6)
  4 hounds
  2 orc priests (D:4)
  2 jellies
  Ijyb (D:3)
  3 iguanas
  A gnoll (D:6)
  4 adders
  A howler monkey skeleton (D:5)
  2 worms
  A dart slug (D:3)
  8 orcs
  10 ball pythons
  16 endoplasms
  2 giant cockroaches
  7 goblins
  9 hobgoblins
  3 jackals (D:4)
  5 quokkas
  4 bats
  4 frilled lizards
  13 kobolds
  5 rats
121 creatures vanquished.

Vanquished Creatures (others)
  7 fungi (D:2)
  5 toadstools (D:2)
12 creatures vanquished.

Grand Total: 133 creatures vanquished

Notes
Turn   | Place    | Note
-------+----------+-------------------------------------------
     0 | D:1      | Stomo444 the Vine Stalker Monk began the quest for the Orb.
     0 | D:1      | Reached XP level 1. HP: 11/11 MP: 2/2
   313 | D:1      | Reached XP level 2. HP: 15/16 MP: 3/3
   699 | D:1      | Found a faded altar of an unknown god.
  1376 | D:2      | Reached XP level 3. HP: 18/20 MP: 4/4
  2039 | D:2      | Gained mutation: Your natural rate of healing is unusually
                  | fast. [Vine Stalker growth]
  2039 | D:2      | Reached XP level 4. HP: 5/24 MP: 2/5
  2247 | D:2      | Found an ornate altar of the Wu Jian Council.
  2281 | D:2      | Became a worshipper of the Wu Jian Council
  2281 | D:2      | Reached * piety under Wu Jian
  2281 | D:2      | Reached ** piety under Wu Jian
  2536 | D:2      | Reached XP level 5. HP: 29/29 MP: 6/6
  3190 | D:3      | Noticed Ijyb
  3311 | D:3      | Killed Ijyb
  3549 | D:4      | Found a staircase to the Ecumenical Temple.
  3605 | D:4      | Reached XP level 6. HP: 25/33 MP: 5/7
  3733 | D:4      | Found a broken altar of Ashenzari.
  3934 | D:4      | Reached *** piety under Wu Jian
  4618 | D:5      | Entered Level 5 of the Dungeon
  4681 | D:4      | Reached XP level 7. HP: 38/38 MP: 8/8
  4785 | D:5      | Reached skill level 5 in Fighting
  4821 | D:5      | Reached skill level 5 in Maces & Flails
  5416 | D:5      | Gained mutation: You have razor-sharp teeth. [Vine Stalker
                  | growth]
  5416 | D:5      | Reached XP level 8. HP: 35/44 MP: 9/9
  5852 | D:6      | Found a hazy altar of Hepliaklqana.
  5889 | D:6      | Found a basalt altar of Yredelemnul.
  6076 | D:6      | Found Angad's Magic Scroll Boutique.
  6130 | D:6      | HP: 3/67 [poisoned by a scorpion]
  6131 | D:6      | Succumbed to a scorpion's poison

Illustrated notes

Levels and vault maps discovered:
D:1:      wander_arrival_peaceful_grave, layout_loops_ring,
          shapermc_ecumenical_altar_acropolis, minmay_misc_feat_tiny,
          corexii_item_surrounded_by_moat, minmay_liquid_box,
          chequers_serial_rivers_marsh
D:2:      cheibrodos_fertilizer, layout_basic, basic_altar,
          minmay_curled_crystal, st_stairs_5, grunt_ministairs_8
D:3:      layout_loops_corners, grunt_decor_mini_mirrors, uniq_ijyb
D:4:      layout_layer_cave, evilmike_ruin_ashenzari, temple_fountains
D:5:      layout_basic
D:6:      layout_basic, mainiacjoe_overflow_large_starburst, serial_shops,
          nicolae_shop_behind_doors

Skill      XL: |  1  2  3  4  5  6  7  8 |
---------------+-------------------------+-----
Maces & Flails | 3 4 5 6 |  6.6
Fighting       | 3 4 5 6 |  6.7
Dodging        | 3 4 |  4.6
Stealth        | |  2.4

Action                   |  1- 3 |  4- 6 |  7- 9 || total
-------------------------+-------+-------+-------++-------
Melee: Mace              |    25 |       |       ||    25
       Bite              |    35 |   103 |    86 ||   224
       Club              |    90 |    99 |       ||   189
       Whip              |       |   184 |   216 ||   400
       Unarmed           |       |     2 |       ||     2
Invok: Lunge             |       |    21 |    11 ||    32
       Whirlwind         |       |    14 |    11 ||    25
 Abil: Wall Jump         |       |    22 |    11 ||    33
  Use: Potion            |     4 |       |     1 ||     5
       Scroll            |       |       |     1 ||     1
 Stab: Sleeping          |     3 |     7 |     2 ||    12
       Distracted        |       |       |     1 ||     1
Armor: Robe              |    18 |    41 |    20 ||    79
Dodge: Dodged            |    67 |   148 |   107 ||   322
